 Dungeon Crawl Stone Soup version 0.29.1-12-g30fa7ad0bf (webtiles) character file.

Game seed: 13039949901620376183

274 MisterFreud the Changer (level 6, -5/51 HPs)
             Began as a Draconian Transmuter on Dec 27, 2022.
             Was an Initiate of Yredelemnul.
             Splashed by a jelly's acid (9 damage)
             ... on level 4 of the Dungeon.
             The game lasted 00:04:44 (4473 turns).

MisterFreud the Changer (Draconian Transmuter)      Turns: 4473, Time: 00:04:45

Health: -5/51      AC:  2    Str: 12    XL:     6   Next: 3%
Magic:  6/9        EV: 19    Int: 15    God:    Yredelemnul [......]
Gold:   152        SH:  0    Dex: 17    Spells: 3/9 levels left

rFire   . . .      SeeInvis .     - Unarmed
rCold   . . .      Faith    .   (shield currently unavailable)
rNeg    . . .      Spirit   .   (body armour unavailable)
rPois   x          Reflect  .   (helmet currently unavailable)
rElec   .          Harm     .   (cloak currently unavailable)
rCorr   .          Rampage  .   (gloves currently unavailable)
Will    .....                   (boots currently unavailable)
Stlth   ++........              (no amulet)
HPRegen 0.17/turn               d - +4 ring of protection
MPRegen 0.11/turn               (no ring)

@: lethally poisoned (-5 -> -15), spider-form, corroded
A: venomous fangs, AC +6, tiny, unfitting armour, (cold-blooded)
a: End Transformation, Renounce Religion, Recall Undead Harvest


You were on level 4 of the Dungeon.
You worshipped Yredelemnul.
Yredelemnul was noncommittal.
You were a venomous arachnid creature.
You visited 2 branches of the dungeon, and saw 6 of its levels.

You collected 152 gold pieces.

Inventory:

Missiles
 i - a throwing net
Armour
 g - a +2 pair of boots (melded)
 j - a +0 pair of gloves (melded)
 l - a +0 cloak (melded)
Jewellery
 d - a +4 ring of protection (left front leg)
Scrolls
 o - a scroll of fog
Potions
 a - a potion of lignification
 b - a potion of haste
 c - 4 potions of attraction
 e - a potion of berserk rage {unknown}
 f - a potion of cancellation {unknown}
 h - 3 potions of curing
 k - 2 potions of mutation {unknown}
 n - a potion of brilliance {unknown}
 q - 2 potions of flight {unknown}


   Skills:
 + Level 3.1 Fighting
 - Level 1.7 Dodging
 + Level 4.0 Unarmed Combat
 - Level 2.0 Spellcasting
 - Level 5.0 Transmutations


You had 3 spell levels left.
You knew the following spells:

 Your Spells              Type           Power      Damage    Failure   Level
a - Beastly Appendage     Tmut           32%        N/A       10%         1
b - Wereblood             Tmut           16%        N/A       13%         2
c - Spider Form           Tmut/Pois      9%         N/A       45%         3

Your spell library contained the following spells:

 Spells                   Type           Power      Damage    Failure   Level
 Passwall                 Tmut/Erth      7%         N/A       28%         2
 Ensorcelled Hibernation  Hex/Ice        2%         N/A       54%         2
 Swiftness                Air            1%         N/A       75%         3
 Tukima's Dance           Hex            1%         N/A       75%         3
 Ice Form                 Ice/Tmut       9%         N/A       80%         4
 Passage of Golubria      Tloc           1%         N/A       98%         4
 Yara's Violent Unravell  Hex/Tmut       4%         3d4       98%         5


Dungeon Overview and Level Annotations

Branches:
Dungeon (5/15)             Temple (1/1) D:4

Altars:
Ashenzari
Cheibriados
Dithmenos
Elyvilon
Fedhas
Gozag
Kikubaaqudgha
Makhleb
Vehumet
Xom
Yredelemnul
Zin
The Shining One


Innate Abilities, Weirdness & Mutations

You are a venomous arachnid creature.
You have poisonous fangs.
You are tiny and dextrous.
Your spellcasting is less reliable in this form.
Your armour is entirely melded.
You are incapable of wielding weapons or throwing items.
((Your plain brown scales are hard. (AC +6)))
You cannot fit into any form of body armour.
((You are cold-blooded and may be slowed by cold attacks.))


Message History

The orc closely misses you. The jelly hits you but does no damage.
Magic restored.
You feel sick. The orc barely misses you.
The jelly hits you but does no damage.
You climb upwards.
You feel very sick.
There is a stone staircase leading down here.
You hit the orc but do no damage. You claw the orc.
Your tail-slap misses the orc.
The orc is moderately wounded.
You feel sick. The orc misses you. The jelly hits you.
You are splashed with acid!
The orc attacks as you move away! The orc misses you.
The jelly attacks as you move away! The jelly barely misses you.
You feel sick.
Casting: Beastly Appendage (safe; 2% risk of failure)
Confirm with . or Enter, or press ? or * to list all spells.
Your horns disappear.
Your talons disappear.
Your +2 pair of boots unmelds from your body.
You turn into a venomous arachnid creature.
Your +0 cloak melds into your body.
Your +0 pair of gloves melds into your body.
Your +2 pair of boots melds into your body.
You feel sick. The orc hits you but does no damage.
You are more poisoned.
The jelly hits you but does no damage.
Unknown command.
You bite the jelly!
Your front legs burn!
The jelly is heavily wounded.
* * * LOW HITPOINT WARNING * * *
You feel very sick. The orc misses you. The jelly closely misses you.
You hit the jelly. The acid corrodes you!
Your front legs burn!
* * * LOW HITPOINT WARNING * * *
The jelly is almost dead.
* * * LOW HITPOINT WARNING * * *
You feel very sick. The orc barely misses you. The jelly hits you.
* * * LOW HITPOINT WARNING * * *
The acid corrodes you!
You are splashed with acid!
You die...
Your body rises from the dead as a mindless zombie.

#..###.####...###.#.#.......#....
.......# #...# #...#.......#....
##.##### #...# ##..#..._...^.###
#.# ###...#####.#.......#.##. #.#
#.......###.#.......#.#.# #.#
#.......#...#,.....,#.... ##.#
#.......#.#.#########.### ...#
#.....................# # ####
#......os......#....#####
#......J####.#.####......
#...)....###.#.# #######
#######..#.........#.####
#..............###......#
##.#####........# #.#.##.# #..#
#........# #.#..#.# #.##
#........# #.##.#.# #.#
#........# #.##.#.#


You could see a jelly and an orc.

Vanquished Creatures
  An orc priest (D:3)
  An orc wizard (D:3)
  5 gnolls
  6 adders
  3 worms
  10 orcs
  10 ball pythons
  9 bats
  5 endoplasms
  3 giant cockroaches
  5 hobgoblins
  5 jackals
  4 quokkas
  4 frilled lizards
  8 goblins
  11 kobolds
  4 rats
94 creatures vanquished.

Vanquished Creatures (collateral kills)
  2 orcs (D:3)
2 creatures vanquished.

Vanquished Creatures (others)
  A ball python zombie (D:3)
1 creature vanquished.

Grand Total: 97 creatures vanquished

Notes
Turn   | Place    | Note
-------+----------+-------------------------------------------
     0 | D:1      | MisterFreud the Draconian Transmuter began the quest for
                  | the Orb.
     0 | D:1      | Reached XP level 1. HP: 16/16 MP: 3/3
   205 | D:1      | Reached XP level 2. HP: 14/23 MP: 5/5
   430 | D:1      | Reached skill level 3 in Transmutations
   886 | D:1      | Reached XP level 3. HP: 11/28 MP: 4/6
  1416 | D:2      | Reached skill level 4 in Transmutations
  1458 | D:2      | Reached XP level 4. HP: 35/35 MP: 5/7
  1546 | D:2      | Learned a level 2 spell: Wereblood
  1550 | D:2      | Learned a level 3 spell: Spider Form
  2176 | D:3      | Found a faded altar of an unknown god.
  2202 | D:3      | Reached skill level 5 in Transmutations
  2349 | D:3      | Reached XP level 5. HP: 23/40 MP: 5/8
  2747 | D:3      | Found a glowing silver altar of Zin.
  3648 | D:4      | Found a shimmering altar of Xom.
  3659 | D:4      | Found an opulent altar of Gozag.
  3771 | D:4      | Found a staircase to the Ecumenical Temple.
  3927 | Temple   | Entered the Ecumenical Temple
  3952 | Temple   | Became a worshipper of Yredelemnul the Dark
  4025 | D:3      | Reached XP level 6. HP: 49/51 MP: 9/9
  4031 | D:3      | Reached * piety under Yredelemnul
  4457 | D:5      | Entered Level 5 of the Dungeon
  4457 | D:5      | Found a broken altar of Ashenzari.
  4473 | D:4      | Splashed by a jelly's acid

Illustrated notes

Levels and vault maps discovered:
D:1:      dpeg_arrival_solitude, layout_rooms
D:2:      layout_basic
D:3:      layout_basic, mainiacjoe_overflow_cross_hatched,
          hellmonk_ecumenical_altar_inner_sanctum, serial_curves,
          eino_curves_01, eino_curves_03, kennysheep_nub, reono_crystal_passage
D:4:      layout_loops_cross, nicolae_overflow_hidden_temple, lemuel_tele_altar,
          minmay_temple_entry_statues_pillars
D:5:      layout_cave_pools, okawaru_gym_becter, ashenzari_altar_1
Temple:   nicolae_temple_cloud_nine

Skill      XL: |  1  2  3  4  5 |
---------------+----------------+-----
Transmutations | 3 4 5 |  5.0
Fighting       | 3 |  3.1
Unarmed Combat | 4 |  4.0
Dodging        | |  1.7
Spellcasting   | |  2.0

Action                   |  1- 3 |  4- 6 || total
-------------------------+-------+-------++-------
Melee: Unarmed           |    98 |   187 ||   285
       Tailslap          |    10 |    16 ||    26
       Punch             |     5 |     1 ||     6
       Headbutt          |     7 |    16 ||    23
       Kick              |     7 |    24 ||    31
 Cast: Beastly Appendage |    11 |    25 ||    36
       Spider Form       |       |     5 ||     5
  Use: Scroll            |     1 |    11 ||    12
 Stab: Sleeping          |     1 |     1 ||     2
Armor: Skin              |    35 |    87 ||   122
Dodge: Dodged            |    68 |   121 ||   189
